WCHLSIM.com - West Coast Hockey League
html PUBLIC "-//W3C//DTD XHTML 1.0 Transitional//EN" "http://www.w3.org/TR/xhtml1/DTD/xhtml1-transitional.dtd"> WCHL - Game 136 - NORTH DAKOTA HAWKS vs TEXAS TOROS

NORTH DAKOTA HAWKS vs TEXAS TOROS

Created - 31 octobre 2023 at 22:12

Goals
1 2 3 T
NORTH DAKOTA HAWKS 0 2 0 2
TEXAS TOROS 1 1 1 3
Shots
1 2 3 T
NORTH DAKOTA HAWKS 4 8 5 17
TEXAS TOROS 10 10 17 37

1st period

1. TEXAS TOROS , Dougie Hamilton 1 (Tyson Barrie 2, Jonathan Toews 1) at 4:56 (PP)

Penalties :
Linus Ullmark (NDH) for Slashing (Minor) at 3:23 - Dillon Dube served the penalty., Ryan Suter (TEX) for Hooking (Minor) at 6:25, Mathew Dumba (NDH) for Hooking (Minor) at 14:50, Owen Power (TEX) for Hooking (Minor) at 17:43, Connor Clifton (NDH) for Interference (Minor) at 19:59

2nd period

2. TEXAS TOROS , Trevor Zegras 1 (Tyson Barrie 3, Kevin Hayes 3) at 0:28 (PP)
3. NORTH DAKOTA HAWKS , Emil Bemstrom 2 (Frederick Gaudreau 6, Dillon Dube 4) at 17:28
4. NORTH DAKOTA HAWKS , Jordan Kyrou 7 (Jason Robertson 6, Jack Hughes 5) at 18:31

Penalties :
Connor Clifton (NDH) for Holding (Minor) at 3:31, Erik Johnson (NDH) for Hooking (Minor) at 12:19, Dillon Dube (NDH) for Tripping (Minor) at 19:10

3rd period

5. TEXAS TOROS , Ryan Poehling 1 (Yegor Chinakhov 1, Dante Fabbro 1) at 7:21

Penalties :
Connor Clifton (NDH) for Tripping (Minor) at 4:45, Jake DeBrusk (NDH) for Tripping (Minor) at 13:27

Goalie Stats

Linus Ullmark (NDH), 34 saves from 37 shots - (0,919), L, 6-2-0, 60:00 minutes
Philipp Grubauer (TEX), 15 saves from 17 shots - (0,882), W, 1-1-2, 60:00 minutes

Players Stats for NORTH DAKOTA HAWKS

Player Name              G  A  P  +/- PIM S  H  SB GA TA FO     MP     PP MP  PK MP  
------------------------------------------------------------------------------------
Cale Makar               0  0  0   0  0   2  1  4  0  0  0/0    22:08   1:58   3:25 
Connor Clifton           0  0  0   1  6   0  4  1  0  0  0/0    18:13   0:00   4:56 
Connor Dewar             0  0  0   0  0   1  0  0  0  0  4/6     7:25   0:00   1:54 
Dillon Dube              0  1  1   1  2   1  2  0  0  0  0/1    12:55   1:58   1:48 
Emil Bemstrom            1  0  1   1  0   1  0  0  0  0  1/1     9:10   0:00   0:00 
Erik Johnson             0  0  0   0  2   0  0  1  0  0  0/0    17:15   0:00   5:15 
Frederick Gaudreau       0  1  1   1  0   1  1  1  0  0  11/29  21:01   2:00   9:51 
Garnet Hathaway          0  0  0   0  0   1  1  1  0  0  1/3    13:40   0:00   8:09 
Jack Hughes              0  1  1   0  0   5  0  1  0  0  4/16   16:10   1:35   0:00 
Jake DeBrusk             0  0  0   0  2   2  3  0  0  0  0/2    18:02   2:23   2:50 
Jason Robertson          0  1  1   0  0   1  1  0  0  0  0/0    16:10   1:35   0:00 
Jordan Kyrou             1  0  1   0  0   1  0  0  0  0  0/0    16:10   1:35   0:00 
Mathew Dumba             0  0  0   0  2   0  2  0  0  0  0/0    20:56   0:00   5:03 
Nathan Walker            0  0  0   0  0   0  0  0  0  0  0/0     5:31   0:00   0:00 
Nick Blankenburg         0  0  0   0  0   0  0  1  0  0  0/0    15:48   2:00   1:47 
Nick Suzuki              0  0  0   0  0   1  1  0  0  0  8/21   19:24   2:23   3:20 
Reyley Smith             0  0  0   0  0   0  0  0  0  0  0/0    15:13   2:23   0:00 
Ryan Lindgren            0  0  0   1  0   0  0  4  0  0  0/0    20:46   0:00   7:26 

Players Stats for TEXAS TOROS

Player Name              G  A  P  +/- PIM S  H  SB GA TA FO     MP     PP MP  PK MP  
------------------------------------------------------------------------------------
Dante Fabbro             0  1  1   1  0   0  2  1  0  0  0/0    16:26   0:00   1:44 
Danton Heinen            0  0  0  -1  0   1  2  0  0  0  0/0    11:32   0:00   0:00 
Dougie Hamilton          1  0  1   0  0   3  0  1  0  0  0/0    23:25   8:05   2:14 
Jesse Ylonen             0  0  0   0  0   1  1  0  0  0  0/1    11:05   0:00   0:00 
Jonathan Toews           0  1  1   0  0   6  0  0  0  0  21/25  21:14   7:04   2:14 
Kevin Hayes              0  1  1  -1  0   4  0  0  0  0  8/15   17:33   6:52   0:00 
Miles Wood               0  0  0  -1  0   0  3  0  0  0  0/0    17:45   7:04   0:00 
Nate Schmidt             0  0  0   1  0   0  0  3  0  0  0/0    14:43   0:00   0:01 
Owen Power               0  0  0  -2  2   1  1  0  0  0  0/0    21:06   5:51   0:58 
Ryan Poehling            1  0  1   1  0   2  0  0  0  0  8/11    7:35   0:00   1:44 
Ryan Suter               0  0  0  -2  2   0  1  0  0  0  0/0    20:53   5:51   0:45 
Taylor Raddysh           0  0  0  -1  0   3  3  0  0  0  0/2    20:17   6:39   0:00 
Trevor Zegras            1  0  1  -1  0   4  1  0  0  0  12/23  20:30   6:52   0:00 
Troy Terry               0  0  0  -1  0   6  2  0  0  0  1/2    23:35   6:52   2:14 
Tyson Barrie             0  2  2   0  0   2  1  2  0  0  0/0    23:25   8:05   2:14 
Tyson Foerster           0  0  0   0  0   1  3  0  0  0  0/0    11:30   0:25   0:00 
Wade Allison             0  0  0   1  0   2  0  0  0  0  0/0     7:35   0:00   1:44 
Yegor Chinakhov          0  1  1   1  0   1  0  0  0  0  0/0     5:51   0:00   0:00 

3 Stars

1 - Ryan Poehling (TEX)
2 - Tyson Barrie (TEX)
3 - Emil Bemstrom (NDH)

Power Play

NORTH DAKOTA HAWKS - 0 on 2 Attempt(s) - 0,00%
TEXAS TOROS - 2 on 8 Attempt(s) - 25,00%

Penalty Kill

NORTH DAKOTA HAWKS - 6 on 8 Attempt(s) - 75,00% - Score 0 goal in Penalty Kill
TEXAS TOROS - 2 on 2 Attempt(s) - 100,00% - Score 0 goal in Penalty Kill

Team Stat

NORTH DAKOTA HAWKS - Hits : 16 - Faceoff Wins : 29 - Blocked Shots : 14 - Penalty Minutes : 16
TEXAS TOROS - Hits : 20 - Faceoff Wins : 50 - Blocked Shots : 7 - Penalty Minutes : 4

Official

Referees : Jon McIsaac and Frederick L'Ecuyer
Linesman : Andrew Smith and Jesse Marquis

Game Notes

No Game Note

Finance

Level 1 -- Attendance: 5164 (79,45%) -- Ticket Income 877 880 $
Level 2 -- Attendance: 4536 (82,47%) -- Ticket Income 544 320 $
Level 3 -- Attendance: 2419 (80,63%) -- Ticket Income 217 710 $
Level 4 -- Attendance: 4317 (86,34%) -- Ticket Income 259 020 $
Luxury Box -- Attendance: 658 (65,80%) -- Ticket Income 263 200 $
Game was played at the Red Bull Arena.
Total Attendance: 17094 (81,40%)
Total Ticket Income: 2 162 130 $
Other Expense: 21 621 $
Total Income: 2 140 509 $

NORTH DAKOTA HAWKS

5 vs 5 Forward 
   Center                   Left Wing                Right Wing               Time % Phy DF OF 
 1 Jack Hughes              Jason Robertson          Jordan Kyrou             32     0   1  4  
 2 Nick Suzuki              Jake DeBrusk             Reyley Smith             30     0   1  4  
 3 Frederick Gaudreau       Dillon Dube              Emil Bemstrom            22     0   3  2  
 4 Connor Dewar             Nathan Walker            Garnet Hathaway          16     0   4  1  

5 vs 5 Defense 
   Defense                  Defense                                           Time % Phy DF OF 
 1 Mathew Dumba             Cale Makar                                        38     0   1  4  
 2 Ryan Lindgren            Connor Clifton                                    32     0   4  1  
 3 Nick Blankenburg         Erik Johnson                                      15     0   4  1  
 4 Nick Blankenburg         Erik Johnson                                      15     0   4  1  

PowerPlay Forward 
   Center                   Left Wing                Right Wing               Time % Phy DF OF 
 1 Jack Hughes              Jason Robertson          Jordan Kyrou             65     0   0  5  
 2 Nick Suzuki              Jake DeBrusk             Reyley Smith             35     0   0  5  

PowerPlay Defense
   Defense                  Defense                                           Time % Phy DF OF 
 1 Dillon Dube              Cale Makar                                        65     0   0  5  
 2 Frederick Gaudreau       Nick Blankenburg                                  35     0   0  5  

Penalty Kill 4 Players Forward 
   Center                   Wing                     Time % Phy DF OF 
 1 Frederick Gaudreau       Garnet Hathaway          65     0   5  0  
 2 Nick Suzuki              Jake DeBrusk             35     0   5  0  

Penalty Kill 4 Players Defense
   Defense                  Defense                  Time % Phy DF OF 
 1 Ryan Lindgren            Connor Clifton           65     0   5  0  
 2 Mathew Dumba             Erik Johnson             35     0   5  0  

Penalty Kill - 3 Players Forward 
   Forward                                           Time % Phy DF OF 
 1 Frederick Gaudreau                                60     0   5  0  
 2 Nick Suzuki                                       40     0   5  0  

Penalty Kill - 3 Players Defense
   Defense                  Defense                  Time % Phy DF OF 
 1 Ryan Lindgren            Connor Clifton           60     0   5  0  
 2 Mathew Dumba             Erik Johnson             40     0   5  0  

4 vs 4 Forward 
   Center                   Wing                     Time % Phy DF OF 
 1 Jack Hughes              Jason Robertson          55     0   1  4  
 2 Nick Suzuki              Jake DeBrusk             45     0   1  4  

4 vs 4 Defense
   Defense                  Defense                  Time % Phy DF OF 
 1 Mathew Dumba             Cale Makar               55     0   1  4  
 2 Ryan Lindgren            Nick Blankenburg         45     0   4  1  

Last Minutes Offensive
   Center                   Left Wing                Right Wing               Defense                  Defense                  
   Nick Suzuki              Jason Robertson          Jordan Kyrou             Jack Hughes              Cale Makar               

Last Minutes Defensive
   Center                   Left Wing                Right Wing               Defense                  Defense                  
   Nick Suzuki              Jake DeBrusk             Reyley Smith             Ryan Lindgren            Cale Makar               

Goaltenders
Starting : Linus Ullmark            
Backup : Scott Wedgewood          

Extra Forwards
Normal : Nathan Walker, Emil Bemstrom, Connor Dewar - PP : Emil Bemstrom, Garnet Hathaway - PK : Connor Dewar
Extra Defensemen
Normal : Connor Clifton, Nick Blankenburg, Erik Johnson - PP : Ryan Lindgren - PK : Cale Makar, Nick Blankenburg
Penalty Shots
Jordan Kyrou, Jason Robertson, Jack Hughes, Nick Suzuki, Jake DeBrusk
Custom OT Lines Forwards
Jack Hughes, Jason Robertson, Jordan Kyrou, Nick Suzuki, Jake DeBrusk, Reyley Smith, Frederick Gaudreau, Dillon Dube, Emil Bemstrom, Garnet Hathaway
Custom OT Lines Defensemen
Cale Makar, Ryan Lindgren, Erik Johnson, Mathew Dumba, Connor Clifton

Scratches
Alex Belzile (Healthy), Ben Hutton (Healthy)

TEXAS TOROS

5 vs 5 Forward 
   Center                   Left Wing                Right Wing               Time % Phy DF OF 
 1 Trevor Zegras            Taylor Raddysh           Troy Terry               36     1   1  3  
 2 Kevin Hayes              Miles Wood               Danton Heinen            31     1   1  3  
 3 Jonathan Toews           Tyson Foerster           Jesse Ylonen             23     1   2  2  
 4 Ryan Poehling            Yegor Chinakhov          Wade Allison             10     2   2  1  

5 vs 5 Defense 
   Defense                  Defense                                           Time % Phy DF OF 
 1 Ryan Suter               Owen Power                                        36     1   2  2  
 2 Dougie Hamilton          Tyson Barrie                                      31     1   3  1  
 3 Nate Schmidt             Dante Fabbro                                      23     2   2  1  
 4 Dougie Hamilton          Tyson Barrie                                      10     1   2  2  

PowerPlay Forward 
   Center                   Left Wing                Right Wing               Time % Phy DF OF 
 1 Trevor Zegras            Kevin Hayes              Troy Terry               55     0   1  4  
 2 Jonathan Toews           Miles Wood               Taylor Raddysh           45     0   1  4  

PowerPlay Defense
   Defense                  Defense                                           Time % Phy DF OF 
 1 Dougie Hamilton          Tyson Barrie                                      55     0   1  4  
 2 Ryan Suter               Owen Power                                        45     0   0  4  

Penalty Kill 4 Players Forward 
   Center                   Wing                     Time % Phy DF OF 
 1 Jonathan Toews           Troy Terry               55     1   2  2  
 2 Ryan Poehling            Wade Allison             45     1   2  2  

Penalty Kill 4 Players Defense
   Defense                  Defense                  Time % Phy DF OF 
 1 Dougie Hamilton          Tyson Barrie             55     1   2  2  
 2 Ryan Suter               Owen Power               45     1   2  2  

Penalty Kill - 3 Players Forward 
   Forward                                           Time % Phy DF OF 
 1 Jonathan Toews                                    55     1   2  2  
 2 Ryan Poehling                                     45     1   2  2  

Penalty Kill - 3 Players Defense
   Defense                  Defense                  Time % Phy DF OF 
 1 Dougie Hamilton          Tyson Barrie             55     1   2  2  
 2 Ryan Suter               Owen Power               45     1   2  2  

4 vs 4 Forward 
   Center                   Wing                     Time % Phy DF OF 
 1 Jonathan Toews           Troy Terry               55     1   2  2  
 2 Trevor Zegras            Taylor Raddysh           45     1   2  2  

4 vs 4 Defense
   Defense                  Defense                  Time % Phy DF OF 
 1 Dougie Hamilton          Tyson Barrie             55     1   2  2  
 2 Ryan Suter               Owen Power               45     1   2  2  

Last Minutes Offensive
   Center                   Left Wing                Right Wing               Defense                  Defense                  
   Jonathan Toews           Danton Heinen            Troy Terry               Dougie Hamilton          Tyson Barrie             

Last Minutes Defensive
   Center                   Left Wing                Right Wing               Defense                  Defense                  
   Jonathan Toews           Danton Heinen            Troy Terry               Dougie Hamilton          Tyson Barrie             

Goaltenders
Starting : Philipp Grubauer         
Backup : Daniil Tarasov           

Extra Forwards
Normal : Tyson Foerster, Ryan Poehling, Wade Allison - PP : Tyson Foerster, Ryan Poehling - PK : Wade Allison
Extra Defensemen
Normal : Nate Schmidt, Dante Fabbro, Ryan Suter - PP : Nate Schmidt - PK : Dante Fabbro, Ryan Suter
Penalty Shots
Jonathan Toews, Troy Terry, Trevor Zegras, Taylor Raddysh, Ryan Poehling
Custom OT Lines Forwards
Jonathan Toews, Troy Terry, Trevor Zegras, Taylor Raddysh, Ryan Poehling, Wade Allison, Danton Heinen, Miles Wood, Jesse Ylonen, Tyson Foerster
Custom OT Lines Defensemen
Dougie Hamilton, Tyson Barrie, Ryan Suter, Owen Power, Nate Schmidt

Scratches
Colin Blackwell (Healthy), Adin Hill (Right Ankle Injury)

% Time on Ice - NORTH DAKOTA HAWKS

Lines # - Real PCT - Wanted PCT - Time Play
Normal Forward
1 - 33% - 32% - 13:44
2 - 31% - 30% - 12:50
3 - 22% - 22% - 9:10
4 - 13% - 16% - 5:31
Normal Defense
1 - 39% - 38% - 15:54
2 - 32% - 32% - 13:20
3 - 14% - 15% - 5:51
4 - 15% - 15% - 6:10
PP Forward
1 - 40% - 65% - 1:35
2 - 60% - 35% - 2:23
PP Defense
1 - 50% - 65% - 1:58
2 - 50% - 35% - 2:00
PK Forward
1 - 76% - 65% - 10:36
2 - 24% - 35% - 3:20
PK Defense
1 - 53% - 65% - 7:26
2 - 47% - 35% - 6:30
PK3 Forward
1 - 0% - 60%
2 - 0% - 40%
PK3 Defense
1 - 0% - 60%
2 - 0% - 40%
44 Forward
1 - 0% - 55%
2 - 0% - 45%
44 Defense
1 - 0% - 55%
2 - 0% - 45%
Last Minute Offensive  - 0:51
Last Minute Defensive  - 0:00
Total
Forward - 60:00
Defense - 60:00

% Time on Ice - TEXAS TOROS

Lines # - Real PCT - Wanted PCT - Time Play
Normal Forward
1 - 33% - 36% - 13:38
2 - 26% - 31% - 10:41
3 - 27% - 23% - 11:05
4 - 14% - 10% - 5:51
Normal Defense
1 - 35% - 36% - 14:18
2 - 29% - 31% - 11:49
3 - 36% - 23% - 14:42
4 - 1% - 10% - 0:26
PP Forward
1 - 49% - 55% - 6:52
2 - 51% - 45% - 7:04
PP Defense
1 - 58% - 55% - 8:05
2 - 42% - 45% - 5:51
PK Forward
1 - 56% - 55% - 2:14
2 - 44% - 45% - 1:44
PK Defense
1 - 56% - 55% - 2:14
2 - 44% - 45% - 1:44
PK3 Forward
1 - 0% - 55%
2 - 0% - 45%
PK3 Defense
1 - 0% - 55%
2 - 0% - 45%
44 Forward
1 - 0% - 55%
2 - 0% - 45%
44 Defense
1 - 0% - 55%
2 - 0% - 45%
Last Minute Offensive  - 0:00
Last Minute Defensive  - 0:51
Total
Forward - 60:00
Defense - 60:00

Play-by-Play

1st period


0:01 of 1st period - Trevor Zegras wins face-off versus Jack Hughes in neutral zone.
0:06 of 1st period - Shot by Taylor Raddysh.
0:06 of 1st period - Shot Misses the Net.
0:20 of 1st period - Shot by Jack Hughes.
0:20 of 1st period - Stopped by Philipp Grubauer without a rebound.
0:21 of 1st period - Kevin Hayes wins face-off versus Nick Suzuki in TEXAS TOROS zone.
0:35 of 1st period - Nick Suzuki is hit by Miles Wood and loses puck.
0:39 of 1st period - Icing by Nick Suzuki.
0:40 of 1st period - Jonathan Toews wins face-off versus Nick Suzuki in NORTH DAKOTA HAWKS zone.
0:51 of 1st period - Shot by Nick Suzuki.
0:51 of 1st period - Shot Misses the Net.
1:42 of 1st period - Icing by Taylor Raddysh.
1:43 of 1st period - Connor Dewar wins face-off versus Trevor Zegras in TEXAS TOROS zone.
1:59 of 1st period - Troy Terry is hit by Mathew Dumba and loses puck.
2:05 of 1st period - Icing by Mathew Dumba.
2:06 of 1st period - Connor Dewar wins face-off versus Kevin Hayes in NORTH DAKOTA HAWKS zone.
2:14 of 1st period - Icing by Dougie Hamilton.
2:15 of 1st period - Jack Hughes wins face-off versus Kevin Hayes in TEXAS TOROS zone.
2:18 of 1st period - Shot by Jack Hughes.
2:18 of 1st period - Stopped by Philipp Grubauer with a rebound.
2:24 of 1st period - Shot by Kevin Hayes.
2:24 of 1st period - Stopped by Linus Ullmark without a rebound.
2:25 of 1st period - Ryan Poehling wins face-off versus Jack Hughes in NORTH DAKOTA HAWKS zone.
2:26 of 1st period - Shot by Dougie Hamilton.
2:26 of 1st period - Shot Blocked by Jack Hughes.
2:28 of 1st period - Shot by Dougie Hamilton.
2:28 of 1st period - Shot Misses the Net.
2:30 of 1st period - Shot by Wade Allison.
2:30 of 1st period - Shot Misses the Net.
2:32 of 1st period - Shot by Ryan Poehling.
2:32 of 1st period - Stopped by Linus Ullmark without a rebound.
2:33 of 1st period - Emil Bemstrom wins face-off versus Kevin Hayes in NORTH DAKOTA HAWKS zone.
2:33 of 1st period - Emil Bemstrom is hit by Danton Heinen.
2:41 of 1st period - Tyson Barrie is hit by Frederick Gaudreau and loses puck.
2:47 of 1st period - Icing by Tyson Barrie.
2:48 of 1st period - Kevin Hayes wins face-off versus Jack Hughes in TEXAS TOROS zone.
3:19 of 1st period - Shot by Kevin Hayes.
3:19 of 1st period - Stopped by Linus Ullmark without a rebound.
3:20 of 1st period - Trevor Zegras wins face-off versus Dillon Dube in NORTH DAKOTA HAWKS zone.
3:23 of 1st period - Shot by Troy Terry.
3:23 of 1st period - Stopped by Linus Ullmark without a rebound.
3:23 of 1st period - Minor Penalty to Linus Ullmark for Slashing.
3:24 of 1st period - Garnet Hathaway wins face-off versus Trevor Zegras in NORTH DAKOTA HAWKS zone.
4:23 of 1st period - Tyson Barrie is hit by Jake DeBrusk and loses puck.
4:56 of 1st period - Shot by Dougie Hamilton.
4:56 of 1st period - Goal by Dougie Hamilton - NORTH DAKOTA HAWKS : 0 - TEXAS TOROS : 1.
4:57 of 1st period - Ryan Poehling wins face-off versus Jack Hughes in neutral zone.
6:24 of 1st period - Shot by Nick Suzuki.
6:24 of 1st period - Shot Misses the Net.
6:25 of 1st period - Minor Penalty to Ryan Suter for Hooking.
6:26 of 1st period - Jonathan Toews wins face-off versus Nick Suzuki in TEXAS TOROS zone.
6:26 of 1st period - Jonathan Toews is hit by Jake DeBrusk.
6:33 of 1st period - Icing by Reyley Smith.
6:34 of 1st period - Nick Suzuki wins face-off versus Jonathan Toews in NORTH DAKOTA HAWKS zone.
6:34 of 1st period - Nick Suzuki is hit by Troy Terry.
7:30 of 1st period - Shot by Jason Robertson.
7:30 of 1st period - Stopped by Philipp Grubauer without a rebound.
7:31 of 1st period - Jonathan Toews wins face-off versus Jack Hughes in TEXAS TOROS zone.
7:56 of 1st period - Shot by Jordan Kyrou.
7:56 of 1st period - Shot Blocked by Tyson Barrie.
7:58 of 1st period - Shot by Jack Hughes.
7:58 of 1st period - Stopped by Philipp Grubauer without a rebound.
7:59 of 1st period - Nick Suzuki wins face-off versus Ryan Poehling in TEXAS TOROS zone.
8:26 of 1st period - Shot by Jake DeBrusk.
8:26 of 1st period - Shot Misses the Net.
8:41 of 1st period - Connor Clifton is hit by Tyson Barrie and loses puck.
8:50 of 1st period - Garnet Hathaway is hit by Danton Heinen and loses puck.
9:34 of 1st period - Nick Blankenburg is hit by Jesse Ylonen and loses puck.
9:55 of 1st period - Shot by Jonathan Toews.
9:55 of 1st period - Stopped by Linus Ullmark without a rebound.
9:56 of 1st period - Trevor Zegras wins face-off versus Nick Suzuki in NORTH DAKOTA HAWKS zone.
10:02 of 1st period - Icing by Nick Suzuki.
10:03 of 1st period - Trevor Zegras wins face-off versus Jake DeBrusk in NORTH DAKOTA HAWKS zone.
10:04 of 1st period - Shot by Troy Terry.
10:04 of 1st period - Shot Misses the Net.
10:25 of 1st period - Reyley Smith is hit by Dante Fabbro and loses puck.
11:22 of 1st period - Shot by Jonathan Toews.
11:22 of 1st period - Shot Blocked by Ryan Lindgren.
11:24 of 1st period - Shot by Jonathan Toews.
11:24 of 1st period - Shot Misses the Net.
11:26 of 1st period - Shot by Jonathan Toews.
11:26 of 1st period - Stopped by Linus Ullmark without a rebound.
11:27 of 1st period - Kevin Hayes wins face-off versus Jack Hughes in NORTH DAKOTA HAWKS zone.
11:44 of 1st period - Shot by Jack Hughes.
11:44 of 1st period - Shot Misses the Net.
11:54 of 1st period - Shot by Dougie Hamilton.
11:54 of 1st period - Deflect By Kevin Hayes.
11:54 of 1st period - Shot Misses the Net.
12:10 of 1st period - Shot by Jason Robertson.
12:10 of 1st period - Deflect By Jack Hughes.
12:10 of 1st period - Shot Misses the Net.
12:39 of 1st period - Shot by Jonathan Toews.
12:39 of 1st period - Shot Misses the Net.
12:41 of 1st period - Shot by Owen Power.
12:41 of 1st period - Shot Blocked by Ryan Lindgren.
12:43 of 1st period - Shot by Jonathan Toews.
12:43 of 1st period - Shot Misses the Net.
13:14 of 1st period - Shot by Tyson Foerster.
13:14 of 1st period - Stopped by Linus Ullmark with a rebound.
13:19 of 1st period - Jonathan Toews is hit by Connor Clifton.
13:33 of 1st period - Shot by Trevor Zegras.
13:33 of 1st period - Stopped by Linus Ullmark without a rebound.
13:34 of 1st period - Frederick Gaudreau wins face-off versus Troy Terry in NORTH DAKOTA HAWKS zone.
13:43 of 1st period - Dante Fabbro is hit by Dillon Dube and loses puck.
14:03 of 1st period - Icing by Dante Fabbro.
14:04 of 1st period - Trevor Zegras wins face-off versus Connor Dewar in TEXAS TOROS zone.
14:50 of 1st period - Minor Penalty to Mathew Dumba for Hooking.
14:51 of 1st period - Jonathan Toews wins face-off versus Frederick Gaudreau in NORTH DAKOTA HAWKS zone.
14:58 of 1st period - Shot by Tyson Barrie.
14:58 of 1st period - Stopped by Linus Ullmark without a rebound.
14:59 of 1st period - Jonathan Toews wins face-off versus Frederick Gaudreau in NORTH DAKOTA HAWKS zone.
15:02 of 1st period - Shot by Jonathan Toews.
15:02 of 1st period - Deflect By Taylor Raddysh.
15:02 of 1st period - Shot Misses the Net.
16:53 of 1st period - Icing by Nick Suzuki.
16:54 of 1st period - Ryan Poehling wins face-off versus Jack Hughes in NORTH DAKOTA HAWKS zone.
17:04 of 1st period - Yegor Chinakhov is hit by Mathew Dumba and loses puck.
17:08 of 1st period - Icing by Mathew Dumba.
17:09 of 1st period - Jonathan Toews wins face-off versus Jack Hughes in NORTH DAKOTA HAWKS zone.
17:33 of 1st period - Jason Robertson is hit by Owen Power and loses puck.
17:43 of 1st period - Minor Penalty to Owen Power for Hooking.
17:44 of 1st period - Jonathan Toews wins face-off versus Nick Suzuki in TEXAS TOROS zone.
18:03 of 1st period - Shot by Nick Suzuki.
18:03 of 1st period - Shot Misses the Net.
18:27 of 1st period - Shot by Reyley Smith.
18:27 of 1st period - Shot Misses the Net.
18:58 of 1st period - Shot by Jason Robertson.
18:58 of 1st period - Shot Misses the Net.
19:00 of 1st period - Shot by Jack Hughes.
19:00 of 1st period - Shot Blocked by Dougie Hamilton.
19:32 of 1st period - Ryan Poehling is hit by Nick Suzuki and loses puck.
19:46 of 1st period - Connor Dewar is hit by Miles Wood.
19:59 of 1st period - Minor Penalty to Connor Clifton for Interference.
Goals for this period are 0 for NORTH DAKOTA HAWKS vs 1 for TEXAS TOROS.
Shots for this period are 4 for NORTH DAKOTA HAWKS vs 10 for TEXAS TOROS.

2nd period


0:01 of 2nd period - Trevor Zegras wins face-off versus Frederick Gaudreau in neutral zone.
0:26 of 2nd period - Shot by Trevor Zegras.
0:26 of 2nd period - Shot Blocked by Garnet Hathaway.
0:28 of 2nd period - Shot by Trevor Zegras.
0:28 of 2nd period - Goal by Trevor Zegras - NORTH DAKOTA HAWKS : 0 - TEXAS TOROS : 2.
0:29 of 2nd period - Jonathan Toews wins face-off versus Nick Suzuki in neutral zone.
0:59 of 2nd period - Nick Suzuki is hit by Tyson Foerster.
1:49 of 2nd period - Shot by Dillon Dube.
1:49 of 2nd period - Stopped by Philipp Grubauer without a rebound.
1:50 of 2nd period - Kevin Hayes wins face-off versus Jack Hughes in TEXAS TOROS zone.
2:28 of 2nd period - Shot by Kevin Hayes.
2:28 of 2nd period - Shot Blocked by Nick Blankenburg.
2:47 of 2nd period - Off-side.
2:48 of 2nd period - Frederick Gaudreau wins face-off versus Ryan Poehling in neutral zone.
2:58 of 2nd period - Off-side.
2:59 of 2nd period - Nick Suzuki wins face-off versus Taylor Raddysh in neutral zone.
2:59 of 2nd period - Jake DeBrusk is hit by Taylor Raddysh.
3:03 of 2nd period - Shot by Jake DeBrusk.
3:03 of 2nd period - Shot Misses the Net.
3:15 of 2nd period - Troy Terry is hit by Connor Clifton and loses puck.
3:28 of 2nd period - Shot by Troy Terry.
3:28 of 2nd period - Shot Blocked by Connor Clifton.
3:31 of 2nd period - Minor Penalty to Connor Clifton for Holding.
3:32 of 2nd period - Jonathan Toews wins face-off versus Frederick Gaudreau in NORTH DAKOTA HAWKS zone.
3:45 of 2nd period - Shot by Jonathan Toews.
3:45 of 2nd period - Stopped by Linus Ullmark without a rebound.
3:46 of 2nd period - Troy Terry wins face-off versus Frederick Gaudreau in NORTH DAKOTA HAWKS zone.
5:07 of 2nd period - Shot by Taylor Raddysh.
5:07 of 2nd period - Stopped by Linus Ullmark without a rebound.
5:08 of 2nd period - Jonathan Toews wins face-off versus Frederick Gaudreau in NORTH DAKOTA HAWKS zone.
5:29 of 2nd period - Shot by Taylor Raddysh.
5:29 of 2nd period - Stopped by Linus Ullmark without a rebound.
5:30 of 2nd period - Nick Suzuki wins face-off versus Trevor Zegras in NORTH DAKOTA HAWKS zone.
5:30 of 2nd period - Jake DeBrusk is hit by Trevor Zegras and loses puck.
5:55 of 2nd period - Shot by Jordan Kyrou.
5:55 of 2nd period - Shot Misses the Net.
5:57 of 2nd period - Shot by Jordan Kyrou.
5:57 of 2nd period - Shot Blocked by Nate Schmidt.
6:11 of 2nd period - Shot by Jack Hughes.
6:11 of 2nd period - Shot Blocked by Nate Schmidt.
6:22 of 2nd period - Icing by Dante Fabbro.
6:23 of 2nd period - Ryan Poehling wins face-off versus Nick Suzuki in TEXAS TOROS zone.
7:37 of 2nd period - Dillon Dube is hit by Miles Wood and loses puck.
9:41 of 2nd period - Shot by Cale Makar.
9:41 of 2nd period - Stopped by Philipp Grubauer with a rebound.
9:43 of 2nd period - Shot by Cale Makar.
9:43 of 2nd period - Stopped by Philipp Grubauer without a rebound.
9:44 of 2nd period - Ryan Poehling wins face-off versus Jake DeBrusk in TEXAS TOROS zone.
9:50 of 2nd period - Off-side.
9:51 of 2nd period - Trevor Zegras wins face-off versus Frederick Gaudreau in neutral zone.
10:07 of 2nd period - Shot by Trevor Zegras.
10:07 of 2nd period - Deflect By Taylor Raddysh.
10:07 of 2nd period - Shot Misses the Net.
10:35 of 2nd period - Shot by Troy Terry.
10:35 of 2nd period - Shot Blocked by Ryan Lindgren.
11:04 of 2nd period - Icing by Ryan Lindgren.
11:05 of 2nd period - Frederick Gaudreau wins face-off versus Ryan Poehling in NORTH DAKOTA HAWKS zone.
12:02 of 2nd period - Nick Suzuki is hit by Dante Fabbro.
12:19 of 2nd period - Minor Penalty to Erik Johnson for Hooking.
12:20 of 2nd period - Trevor Zegras wins face-off versus Frederick Gaudreau in NORTH DAKOTA HAWKS zone.
12:56 of 2nd period - Shot by Trevor Zegras.
12:56 of 2nd period - Stopped by Linus Ullmark with a rebound.
12:58 of 2nd period - Shot by Kevin Hayes.
12:58 of 2nd period - Stopped by Linus Ullmark with a rebound.
13:44 of 2nd period - Shot by Tyson Barrie.
13:44 of 2nd period - Shot Blocked by Cale Makar.
13:51 of 2nd period - Icing by Miles Wood.
13:52 of 2nd period - Jonathan Toews wins face-off versus Nick Suzuki in TEXAS TOROS zone.
14:23 of 2nd period - Shot by Frederick Gaudreau.
14:23 of 2nd period - Stopped by Philipp Grubauer without a rebound.
14:24 of 2nd period - Ryan Poehling wins face-off versus Jack Hughes in TEXAS TOROS zone.
15:49 of 2nd period - Shot by Jesse Ylonen.
15:49 of 2nd period - Deflect By Jonathan Toews.
15:49 of 2nd period - Stopped by Linus Ullmark without a rebound.
15:50 of 2nd period - Frederick Gaudreau wins face-off versus Trevor Zegras in NORTH DAKOTA HAWKS zone.
15:50 of 2nd period - Frederick Gaudreau is hit by Taylor Raddysh.
16:04 of 2nd period - Icing by Troy Terry.
16:05 of 2nd period - Trevor Zegras wins face-off versus Garnet Hathaway in TEXAS TOROS zone.
17:28 of 2nd period - Shot by Emil Bemstrom.
17:28 of 2nd period - Goal by Emil Bemstrom - NORTH DAKOTA HAWKS : 1 - TEXAS TOROS : 2.
17:29 of 2nd period - Jonathan Toews wins face-off versus Nick Suzuki in neutral zone.
17:39 of 2nd period - Nick Suzuki is hit by Tyson Foerster and loses puck.
18:07 of 2nd period - Shot by Jesse Ylonen.
18:07 of 2nd period - Stopped by Linus Ullmark with a rebound.
18:27 of 2nd period - Shot by Jack Hughes.
18:27 of 2nd period - Stopped by Philipp Grubauer without a rebound.
18:28 of 2nd period - Jack Hughes wins face-off versus Trevor Zegras in TEXAS TOROS zone.
18:31 of 2nd period - Shot by Jordan Kyrou.
18:31 of 2nd period - Goal by Jordan Kyrou - NORTH DAKOTA HAWKS : 2 - TEXAS TOROS : 2.
18:32 of 2nd period - Trevor Zegras wins face-off versus Jack Hughes in neutral zone.
18:43 of 2nd period - Jason Robertson is hit by Taylor Raddysh.
19:05 of 2nd period - Shot by Jack Hughes.
19:05 of 2nd period - Stopped by Philipp Grubauer without a rebound.
19:06 of 2nd period - Frederick Gaudreau wins face-off versus Kevin Hayes in TEXAS TOROS zone.
19:07 of 2nd period - Shot by Dillon Dube.
19:07 of 2nd period - Deflect By Frederick Gaudreau.
19:07 of 2nd period - Shot Blocked by Tyson Barrie.
19:10 of 2nd period - Minor Penalty to Dillon Dube for Tripping.
19:11 of 2nd period - Jonathan Toews wins face-off versus Frederick Gaudreau in NORTH DAKOTA HAWKS zone.
19:19 of 2nd period - Icing by Taylor Raddysh.
19:20 of 2nd period - Jonathan Toews wins face-off versus Frederick Gaudreau in TEXAS TOROS zone.
19:20 of 2nd period - Jonathan Toews is hit by Garnet Hathaway.
19:45 of 2nd period - Jonathan Toews is hit by Connor Clifton.
19:49 of 2nd period - Shot by Tyson Barrie.
19:49 of 2nd period - Stopped by Linus Ullmark with a rebound.
19:51 of 2nd period - Shot by Jonathan Toews.
19:51 of 2nd period - Stopped by Linus Ullmark without a rebound.
19:52 of 2nd period - Kevin Hayes wins face-off versus Frederick Gaudreau in NORTH DAKOTA HAWKS zone.
Goals for this period are 2 for NORTH DAKOTA HAWKS vs 1 for TEXAS TOROS.
Shots for this period are 8 for NORTH DAKOTA HAWKS vs 10 for TEXAS TOROS.

3rd period


0:01 of 3rd period - Frederick Gaudreau wins face-off versus Trevor Zegras in neutral zone.
0:30 of 3rd period - Shot by Troy Terry.
0:30 of 3rd period - Shot Misses the Net.
0:32 of 3rd period - Shot by Troy Terry.
0:32 of 3rd period - Stopped by Linus Ullmark without a rebound.
0:33 of 3rd period - Jonathan Toews wins face-off versus Frederick Gaudreau in NORTH DAKOTA HAWKS zone.
0:47 of 3rd period - Icing by Owen Power.
0:48 of 3rd period - Jonathan Toews wins face-off versus Frederick Gaudreau in TEXAS TOROS zone.
1:01 of 3rd period - Shot by Owen Power.
1:01 of 3rd period - Stopped by Linus Ullmark without a rebound.
1:02 of 3rd period - Kevin Hayes wins face-off versus Nick Suzuki in NORTH DAKOTA HAWKS zone.
1:03 of 3rd period - Shot by Dougie Hamilton.
1:03 of 3rd period - Shot Misses the Net.
1:05 of 3rd period - Shot by Troy Terry.
1:05 of 3rd period - Stopped by Linus Ullmark without a rebound.
1:06 of 3rd period - Trevor Zegras wins face-off versus Frederick Gaudreau in NORTH DAKOTA HAWKS zone.
1:38 of 3rd period - Jack Hughes is hit by Ryan Suter and loses puck.
2:21 of 3rd period - Dougie Hamilton is hit by Dillon Dube and loses puck.
2:30 of 3rd period - Shot by Frederick Gaudreau.
2:30 of 3rd period - Shot Misses the Net.
3:44 of 3rd period - Shot by Trevor Zegras.
3:44 of 3rd period - Deflect By Troy Terry.
3:44 of 3rd period - Stopped by Linus Ullmark without a rebound.
3:45 of 3rd period - Ryan Poehling wins face-off versus Jack Hughes in NORTH DAKOTA HAWKS zone.
4:18 of 3rd period - Shot by Wade Allison.
4:18 of 3rd period - Deflect By Yegor Chinakhov.
4:18 of 3rd period - Shot Blocked by Cale Makar.
4:20 of 3rd period - Shot by Owen Power.
4:20 of 3rd period - Deflect By Ryan Poehling.
4:20 of 3rd period - Shot Blocked by Cale Makar.
4:45 of 3rd period - Minor Penalty to Connor Clifton for Tripping.
4:46 of 3rd period - Frederick Gaudreau wins face-off versus Trevor Zegras in NORTH DAKOTA HAWKS zone.
5:31 of 3rd period - Shot by Troy Terry.
5:31 of 3rd period - Stopped by Linus Ullmark without a rebound.
5:32 of 3rd period - Nick Suzuki wins face-off versus Jonathan Toews in NORTH DAKOTA HAWKS zone.
6:27 of 3rd period - Erik Johnson is hit by Troy Terry and loses puck.
6:42 of 3rd period - Shot by Dougie Hamilton.
6:42 of 3rd period - Stopped by Linus Ullmark without a rebound.
6:43 of 3rd period - Frederick Gaudreau wins face-off versus Trevor Zegras in NORTH DAKOTA HAWKS zone.
7:19 of 3rd period - Shot by Yegor Chinakhov.
7:19 of 3rd period - Stopped by Linus Ullmark with a rebound.
7:21 of 3rd period - Shot by Ryan Poehling.
7:21 of 3rd period - Goal by Ryan Poehling - NORTH DAKOTA HAWKS : 2 - TEXAS TOROS : 3.
7:22 of 3rd period - Frederick Gaudreau wins face-off versus Trevor Zegras in neutral zone.
8:25 of 3rd period - Shot by Jake DeBrusk.
8:25 of 3rd period - Shot Misses the Net.
8:50 of 3rd period - Shot by Jake DeBrusk.
8:50 of 3rd period - Stopped by Philipp Grubauer without a rebound.
8:51 of 3rd period - Connor Dewar wins face-off versus Jonathan Toews in TEXAS TOROS zone.
8:54 of 3rd period - Shot by Garnet Hathaway.
8:54 of 3rd period - Stopped by Philipp Grubauer with a rebound.
8:56 of 3rd period - Shot by Ryan Lindgren.
8:56 of 3rd period - Shot Misses the Net.
9:07 of 3rd period - Icing by Jonathan Toews.
9:08 of 3rd period - Jack Hughes wins face-off versus Jesse Ylonen in TEXAS TOROS zone.
9:11 of 3rd period - Shot by Jason Robertson.
9:11 of 3rd period - Shot Blocked by Dante Fabbro.
9:13 of 3rd period - Shot by Jason Robertson.
9:13 of 3rd period - Shot Blocked by Nate Schmidt.
9:23 of 3rd period - Nate Schmidt is hit by Jason Robertson.
9:56 of 3rd period - Cale Makar is hit by Tyson Foerster and loses puck.
10:35 of 3rd period - Shot by Nick Suzuki.
10:35 of 3rd period - Stopped by Philipp Grubauer with a rebound.
10:55 of 3rd period - Shot by Troy Terry.
10:55 of 3rd period - Stopped by Linus Ullmark without a rebound.
10:56 of 3rd period - Kevin Hayes wins face-off versus Frederick Gaudreau in NORTH DAKOTA HAWKS zone.
11:19 of 3rd period - Shot by Dillon Dube.
11:19 of 3rd period - Shot Misses the Net.
12:03 of 3rd period - Shot by Trevor Zegras.
12:03 of 3rd period - Stopped by Linus Ullmark without a rebound.
12:04 of 3rd period - Ryan Poehling wins face-off versus Nick Suzuki in NORTH DAKOTA HAWKS zone.
12:19 of 3rd period - Shot by Wade Allison.
12:19 of 3rd period - Stopped by Linus Ullmark without a rebound.
12:20 of 3rd period - Trevor Zegras wins face-off versus Connor Dewar in NORTH DAKOTA HAWKS zone.
12:52 of 3rd period - Shot by Trevor Zegras.
12:52 of 3rd period - Shot Misses the Net.
12:59 of 3rd period - Taylor Raddysh is hit by Connor Clifton and loses puck.
13:27 of 3rd period - Minor Penalty to Jake DeBrusk for Tripping.
13:28 of 3rd period - Jonathan Toews wins face-off versus Frederick Gaudreau in NORTH DAKOTA HAWKS zone.
13:29 of 3rd period - Shot by Tyson Barrie.
13:29 of 3rd period - Shot Misses the Net.
13:40 of 3rd period - Icing by Dougie Hamilton.
13:41 of 3rd period - Jonathan Toews wins face-off versus Frederick Gaudreau in TEXAS TOROS zone.
13:59 of 3rd period - Shot by Dougie Hamilton.
13:59 of 3rd period - Shot Misses the Net.
14:13 of 3rd period - Shot by Dougie Hamilton.
14:13 of 3rd period - Shot Blocked by Frederick Gaudreau.
14:15 of 3rd period - Shot by Dougie Hamilton.
14:15 of 3rd period - Stopped by Linus Ullmark without a rebound.
14:16 of 3rd period - Kevin Hayes wins face-off versus Frederick Gaudreau in NORTH DAKOTA HAWKS zone.
15:23 of 3rd period - Shot by Dougie Hamilton.
15:23 of 3rd period - Shot Blocked by Erik Johnson.
15:35 of 3rd period - Shot by Wade Allison.
15:35 of 3rd period - Stopped by Linus Ullmark without a rebound.
15:36 of 3rd period - Jack Hughes wins face-off versus Jonathan Toews in NORTH DAKOTA HAWKS zone.
15:47 of 3rd period - Shot by Jordan Kyrou.
15:47 of 3rd period - Shot Misses the Net.
16:39 of 3rd period - Icing by Erik Johnson.
16:40 of 3rd period - Nick Suzuki wins face-off versus Kevin Hayes in NORTH DAKOTA HAWKS zone.
16:45 of 3rd period - Kevin Hayes is hit by Jake DeBrusk and loses puck.
17:00 of 3rd period - Shot by Tyson Barrie.
17:00 of 3rd period - Shot Misses the Net.
17:20 of 3rd period - Shot by Kevin Hayes.
17:20 of 3rd period - Stopped by Linus Ullmark without a rebound.
17:21 of 3rd period - Frederick Gaudreau wins face-off versus Taylor Raddysh in NORTH DAKOTA HAWKS zone.
18:01 of 3rd period - Shot by Taylor Raddysh.
18:01 of 3rd period - Stopped by Linus Ullmark without a rebound.
18:02 of 3rd period - Jonathan Toews wins face-off versus Garnet Hathaway in NORTH DAKOTA HAWKS zone.
18:02 of 3rd period - Jonathan Toews is hit by Cale Makar.
18:10 of 3rd period - Shot by Connor Dewar.
18:10 of 3rd period - Stopped by Philipp Grubauer without a rebound.
18:11 of 3rd period - Nick Suzuki wins face-off versus Kevin Hayes in TEXAS TOROS zone.
18:27 of 3rd period - Off-side.
18:28 of 3rd period - Connor Dewar wins face-off versus Trevor Zegras in neutral zone.
18:32 of 3rd period - Icing by Taylor Raddysh.
18:33 of 3rd period - Nick Suzuki wins face-off versus Trevor Zegras in TEXAS TOROS zone.
18:50 of 3rd period - Shot by Jake DeBrusk.
18:50 of 3rd period - Stopped by Philipp Grubauer without a rebound.
18:51 of 3rd period - Frederick Gaudreau wins face-off versus Kevin Hayes in TEXAS TOROS zone.
19:06 of 3rd period - Shot by Tyson Barrie.
19:06 of 3rd period - Shot Blocked by Ryan Lindgren.
19:08 of 3rd period - Shot by Danton Heinen.
19:08 of 3rd period - Stopped by Linus Ullmark without a rebound.
19:09 of 3rd period - Jonathan Toews wins face-off versus Nick Suzuki in NORTH DAKOTA HAWKS zone.
19:29 of 3rd period - Shot by Dougie Hamilton.
19:29 of 3rd period - Shot Blocked by Cale Makar.
19:40 of 3rd period - Off-side.
19:41 of 3rd period - Jonathan Toews wins face-off versus Nick Suzuki in neutral zone.
19:59 of 3rd period - Shot by Troy Terry.
19:59 of 3rd period - Deflect By Jonathan Toews.
19:59 of 3rd period - Stopped by Linus Ullmark without a rebound.
Goals for this period are 0 for NORTH DAKOTA HAWKS vs 1 for TEXAS TOROS.
Shots for this period are 5 for NORTH DAKOTA HAWKS vs 17 for TEXAS TOROS.


BLAKE
WHEELER
STEVEN
STAMKOS
DREW
DOUGHTY

EAST COAST

HOCKEY LEAGUE

  • 63.RHI2PIT5
  • 64.WOR4ATL3
  • 65.QUECHW
  • 66.CHATRV